Map: Triton LE

Players

Mez - Winner!

  • Race: Terran Terran
  • League: Master
  • Spawn Location: 11:00

Proximo

  • Race: Zerg Zerg
  • League: Diamond
  • Spawn Location: 5:00

VOD

Have the link to the VOD?

Description

Time

  • Played on: Sept. 4, 2019, 2:59 a.m.
  • Length: 13:25
Show
View Real Time Build Order
Export as new Build Order

Mez Terran - Winner!

Build Orders: Liberator Opening, Reaper Expand 

Get SALT Encoding   

  12  0:00  SCV  
  13  0:13  SCV  
  14  0:17  Supply Depot  
  14  0:25  SCV  
  15  0:39  SCV  
  15  0:41  Barracks  
  16  0:44  Refinery  
  16  0:51  SCV  
  17  1:03  SCV  
  18  1:15  SCV  
  19  1:32  Orbital Command, Reaper  
  20  1:48  Command Center  
  20  1:58  SCV  
  21  2:04  Marine  
  22  2:10  Factory  
  22  2:12  SCV  
  23  2:23  Barracks Reactor  
  23  2:24  Refinery  
  23  3:00  SCV  
  25  3:06  Orbital Command  
  25  3:12  SCV  
  25  3:13  Starport  
  25  3:15  Hellion  
  25  3:16  Hellion  
  25  3:17  Barracks Tech Lab  
  29  3:24  SCV, Supply Depot  
  30  3:33  Liberator  
  30  3:35  SCV  
  30  3:36  SCV  
  30  3:38  Hellion x2  
  36  3:47  SCV  
  36  3:48  SCV  
  41  3:59  SCV  
  41  4:00  Hellion x2, Supply Depot  
  46  4:21  Marine, SCV x2  
  49  4:33  SCV x2  
  49  4:34  Starport Reactor  
  49  4:36  Barracks, Factory Reactor  
  49  4:37  Barracks  
  51  4:45  Command Center, SCV  
  51  4:47  SCV  
  51  4:48  Marine  
  51  4:49  Supply Depot  
  54  4:55  Refinery  
  54  4:58  Refinery  
  54  5:10  Marine, SCV x2  
  57  5:14  Supply Depot  
  57  5:16  Engineering Bay  
  57  5:17  Engineering Bay  
  52  5:22  SCV x2  
  52  5:29  Marine x2, Stimpack  
  52  5:31  Medivac  
  52  5:34  SCV x2  
  56  5:35  Factory Tech Lab  
  56  5:45  Marine x3  
  56  5:47  Marine, SCV x2  
  56  5:48  Medivac  
  61  5:54  Terran Infantry Armor Level 1, Terran Infantry Weapons Level 1  
  61  5:57  Orbital Command  
  61  5:59  SCV x2  
  63  6:06  Marine x4  
  63  6:10  Siege Tank  
  63  6:11  SCV x2  
  72  6:21  Marine  
  72  6:22  Supply Depot  
  72  6:23  Marine, SCV  
  72  6:24  Marine, SCV  
  78  6:30  Barracks, Orbital Command  
  78  6:32  Barracks  
  77  6:40  Supply Depot, Armory  
  77  6:43  Marine  
  77  6:44  Marine x4  
  77  6:45  SCV x2  
  84  6:49  Siege Tank  
  87  6:58  SCV x2  
  87  6:59  SCV  
  90  7:01  Marine  
  90  7:02  Marine  
  90  7:03  Marine x3  
  90  7:08  Supply Depot  
  95  7:10  SCV x2  
  97  7:18  Combat Shield  
  97  7:19  Marine  
  97  7:20  Marine x2  
  97  7:21  Marine  
  97  7:22  Marine  
  100  7:24  Supply Depot  
  97  7:37  Marine, SCV, Barracks Reactor x2  
  92  7:38  Marine x3, Siege Tank, SCV x2  
  92  7:40  Marine  
  103  7:50  Supply Depot  
  103  7:51  Supply Depot  
  103  7:53  Terran Infantry Armor Level 2, Terran Infantry Weapons Level 2  
  103  7:55  Marine  
  103  7:56  Marine x3, Terran Vehicle Weapons Level 1  
  103  7:57  Marine  
  108  7:59  Medivac x2  
  108  8:00  Factory  
  112  8:13  Marine  
  112  8:14  Marine x2  
  89  8:29  Marine x6  
  89  8:30  Marine, Siege Tank  
  89  8:31  Medivac x2  
  89  8:32  Marine  
  89  8:33  SCV x3  
  102  8:41  Command Center  
  102  8:42  Supply Depot  
  102  8:44  Supply Depot  
  102  8:45  Marine, SCV  
  102  8:46  Marine  
  102  8:47  Marine, Factory Tech Lab  
  106  8:48  Supply Depot  
  106  8:58  Marine x6  
  112  9:03  Marine  
  112  9:04  Marine x2, SCV x3  
  112  9:08  Siege Tank x2  
  124  9:10  Barracks  
  124  9:12  Barracks x2  
  124  9:15  Marine  
  124  9:16  Marine  
  126  9:17  Supply Depot  
  126  9:19  Supply Depot  
  126  9:20  Marine x3, Supply Depot  
  126  9:21  Refinery  
  126  9:22  Refinery  
  121  9:48  Marine x7  
  128  9:53  Marine  
  128  9:54  Marine, Siege Tank x2  
  136  10:06  Marine  
  137  10:11  Barracks Reactor  
  137  10:12  Barracks Reactor x2  
  137  10:14  Barracks Tech Lab  
  137  10:15  Barracks Tech Lab  
  137  10:16  Marine, Barracks Tech Lab  
  137  10:17  Marine x6, Marauder  
  146  10:25  SCV x2  
  146  10:26  Siege Tank, SCV  
  146  10:27  Siege Tank  
  155  10:37  SCV  
  155  10:38  SCV x2, Marauder  
  160  10:47  Marine x4  
  160  10:48  Marine, Marauder x3  
  170  10:58  Siege Tank  
  170  10:59  Siege Tank, Marauder  
  170  11:03  Liberator  
  174  11:05  Liberator  
  174  11:09  Marauder  
  167  11:15  SCV x3  
  167  11:16  Planetary Fortress  
  167  11:27  SCV x3  
  167  11:28  Marine x2  
  167  11:29  Marine x6, Marauder  
  167  11:30  Marine, Marauder x2  
  167  11:31  Siege Tank x2  
  191  11:39  SCV x3  
  194  11:41  Starport x2  
  194  11:42  Fusion Core  
  194  11:44  Refinery  
  194  11:46  Liberator, Refinery  
  194  11:51  SCV x2  
  196  11:57  SCV  
  187  12:03  SCV  
  187  12:07  Marine x8  
  196  12:15  Marine  
  164  12:22  Marine x3  
  149  12:24  Siege Tank x2  
  149  12:25  Marine x8  
  160  12:33  Marine  
  161  12:39  Marine  
  161  12:44  Marine x2  
  161  12:45  Marine x8  
  161  12:51  Marine  
  164  12:57  Marine, SCV  
  164  12:58  SCV x3  
  173  13:02  Marine x4  
  177  13:09  SCV  
  177  13:10  SCV  
Show
View Real Time Build Order
Export as new Build Order

Proximo Zerg 

Build Orders: Hatch First 

Get SALT Encoding   

  12  0:01  Drone  
  13  0:14  Overlord  
  13  0:19  Drone  
  14  0:32  Drone  
  14  0:33  Drone  
  16  0:37  Drone  
  17  0:56  Hatchery  
  16  1:00  Drone  
  16  1:02  Drone  
  18  1:10  Extractor  
  17  1:14  Extractor  
  16  1:20  Spawning Pool  
  16  1:22  Drone  
  16  1:26  Drone  
  18  1:33  Extractor  
  17  1:49  Hatchery  
  17  1:53  Drone  
  17  1:56  Drone  
  18  2:06  Zergling x4  
  20  2:13  Queen  
  22  2:23  Queen  
  24  2:35  Metabolic Boost  
  25  2:45  Drone x4  
  27  2:54  Drone  
  27  3:08  Drone x2  
  27  3:09  Drone x3  
  32  3:14  Queen  
  34  3:26  Overlord  
  34  3:33  Evolution Chamber  
  33  3:35  Baneling Nest  
  33  3:36  Queen  
  33  3:40  Evolution Chamber  
  33  3:42  Drone  
  34  3:50  Lair  
  34  3:52  Drone x2  
  36  3:58  Drone x3  
  39  4:05  Queen  
  41  4:12  Zerg Melee Weapons Level 1  
  41  4:20  Drone  
  41  4:21  Overlord  
  42  4:31  Overlord x2  
  42  4:39  Extractor, Drone  
  42  4:40  Drone x2  
  42  4:41  Drone  
  42  4:42  Zergling x2  
  42  4:43  Zergling x8  
  50  4:51  Zergling x2  
  50  4:52  Zergling x8  
  55  4:57  Overseer  
  55  5:01  Zergling x6  
  58  5:07  Baneling x2  
  58  5:08  Zergling x4  
  58  5:09  Zergling x4  
  58  5:10  Zergling x2  
  58  5:28  Spore Crawler  
  49  5:31  Spore Crawler  
  49  5:33  Zergling x6  
  49  5:34  Drone x4  
  52  5:55  Drone x5  
  57  6:05  Drone  
  57  6:06  Drone x2  
  57  6:07  Overlord  
  60  6:11  Drone x2  
  60  6:12  Drone  
  60  6:15  Baneling x3  
  60  6:17  Zergling x2  
  64  6:19  Overlord  
  64  6:28  Zergling x4  
  64  6:32  Zerg Melee Weapons Level 2  
  66  6:45  Drone x3  
  66  6:46  Extractor  
  68  6:48  Drone  
  68  6:49  Drone x3  
  68  6:50  Extractor, Drone  
  68  6:51  Drone x4  
  68  6:52  Drone x3  
  79  7:12  Overlord, Zergling x6  
  79  7:13  Overlord x2  
  81  7:18  Zerg Ground Armor Level 1  
  77  7:28  Zergling x4  
  77  7:29  Zergling x4  
  79  7:32  Zergling x6  
  79  7:36  Zergling x6  
  83  7:37  Baneling x4  
  83  7:41  Hatchery  
  83  7:42  Zergling x10  
  87  7:44  Hatchery  
  87  7:49  Overseer  
  87  7:51  Zergling x8  
  88  7:56  Baneling x4  
  88  7:57  Zergling x2, Baneling x5  
  88  7:58  Zergling x2  
  92  7:59  Baneling x3  
  92  8:00  Baneling  
  82  8:23  Zergling x8  
  82  8:25  Zergling x8  
  77  8:36  Zergling x4  
  77  8:37  Zergling x4  
  77  8:39  Drone x3  
  77  8:40  Drone x6  
  90  8:49  Infestation Pit, Spire  
  88  8:56  Baneling x3  
  88  8:57  Zergling x2, Baneling x4  
  88  8:58  Zergling x14  
  96  9:04  Queen x2  
  96  9:05  Queen  
  102  9:11  Centrifical Hooks  
  102  9:12  Hatchery  
  102  9:13  Zergling x8  
  105  9:25  Zergling x6  
  105  9:26  Zergling x12  
  105  9:27  Zergling x6  
  105  9:28  Baneling x2  
  105  9:29  Baneling  
  117  9:33  Zerg Ground Armor Level 2  
  117  9:49  Baneling x4  
  117  10:03  Overlord x2  
  117  10:04  Overlord x4  
  117  10:09  Extractor x2  
  115  10:17  Zergling x4  
  115  10:18  Overlord x3  
  115  10:34  Zergling x2  
  115  10:35  Zergling x34  
  128  10:36  Zergling x6  
  128  10:37  Corruptor x2  
  138  10:50  Corruptor x3  
  131  11:05  Zergling x8  
  131  11:06  Zergling x12  
  131  11:09  Zergling x6  
  140  11:14  Zergling x2  
  140  11:15  Zergling x2  
  133  11:20  Drone x2  
  133  11:21  Drone  
  133  11:23  Baneling  
  133  11:25  Baneling x4  
  136  11:26  Zergling x2, Baneling x3  
  137  11:35  Corruptor  
  137  11:36  Corruptor x2  
  137  11:37  Zergling x2  
  144  11:41  Hive  
  144  11:51  Extractor x2  
  144  11:53  Hatchery  
  139  11:57  Corruptor x3  
  105  12:20  Zergling x24  
  105  12:21  Zergling x8  
  100  12:28  Zergling x4  
  93  12:36  Zergling x14  
  93  12:37  Zergling x10  
  100  12:47  Zergling x6  
  100  12:48  Zergling x4  
  100  12:54  Zergling x4  
  101  13:07  Zergling x6  
  101  13:08  Zergling x6  
Tags
 
Add a new tag
Caveats
  • Supply blocks, unpowered buildings, or Contaminate may cause inaccurate times.
  • Supply counts are checked every 10 seconds.